cohdb
Replays
Latest Replays
All Replays
Popular Replays
Top Player Replays
Match Explorer
How It Works
Community
CoH3 Stats
Reddit
Sign in to upload your games and track your stats! →
Sign in with Steam
Match 40844845
Unlisted
Match 40844845
Overview
Messages
Build Orders
End
Construct Section Command Post
Selects Indian Artillery Battlegroup
Dingo Light Scout Car
Infantry Section
Infantry Section
Infantry Section
Grenade Package
Construct Platoon Command Post
Selects Artillery Saturation
Infantry Training
Selects Valour
Selects Gurkha Rifles Section
Gurkha Rifles Section
Unlock Bishop Self-propelled Artillery
6-pounder Anti-tank Gun Team
qUiBbLe WiBbLe
Hot Cock Sauce
MegaMan
cannot compute
nilshousker
BrianSmurf
0
0
Comments
sign in to comment!
No comments posted yet!